 Dungeon Crawl Stone Soup version 0.27-a0-597-g524d869a0f (webtiles) character file.

Game seed: 2638780718567015893

23 siradein the Sneak (level 2, 22/22 HPs)
             Began as a Vampire Brigand on Mar 11, 2021.
             Quit the game on level 1 of the Dungeon.
             The game lasted 00:02:12 (405 turns).

siradein the Sneak (Vampire Brigand)                 Turns: 405, Time: 00:02:12

Health: 22/22      AC:  6    Str: 10    XL:     2   Next: 72%
Magic:  2/2        EV: 12    Int: 13    God:
Gold:   49         SH:  0    Dex: 15    Spells: 1/1 levels left

rFire    . . .     SeeInvis +   a - +2 dagger
rCold    . . .     Faith    .   (no shield)
rNeg     + . .     Spirit   .   b - +0 steam dragon scales
rPois    .         Reflect  .   (no helmet)
rElec    .         Harm     .   c - +0 cloak
rCorr    .         Rampage  .   (no gloves)
Will     .....                  (no boots)
Stlth    +++.......             (no amulet)
HPRegen  0.27/turn              j - ring of positive energy
MPRegen  0.08/turn              (no ring)

@: regenerating quickly
A: fangs 3, see invisible, unbreathing 1, vampiric 1
a: Exsanguinate


You were on level 1 of the Dungeon.
You visited 1 branch of the dungeon, and saw 1 of its levels.

You collected 49 gold pieces.

Inventory:

Hand Weapons
 a - a +2 dagger (weapon)
Missiles
 d - 8 poisoned darts (quivered)
 e - 2 curare-tipped darts
Armour
 b - +0 steam dragon scales (worn)
 c - a +0 cloak (worn)
Jewellery
 j - a ring of positive energy (right hand)
Scrolls
 f - a scroll of immolation {unknown}
 i - a scroll of identify {unknown}
 k - a scroll of teleportation {unknown}
Potions
 g - a potion of might {unknown}
 h - a potion of lignification {unknown}


   Skills:
 - Level 1.7 Fighting
 + Level 3.7 Short Blades
 - Level 1.5 Throwing
 - Level 1.1 Dodging
 - Level 5.8 Stealth


You had one spell level left.
You didn't know any spells.
Your spell library was empty.

Dungeon Overview and Level Annotations

Branches:
Dungeon (1/15)

Altars:


Innate Abilities, Weirdness & Mutations

Your natural rate of healing is unusually fast.
You have razor-sharp teeth.
You have supernaturally acute eyesight. (SInv)
You can survive without breathing.
You are afflicted with vampirism.


Message History

No target in view!
No target in view!
No target in view!
A bat comes into view.
A bat is nearby!
You see here 8 gold pieces.
Found a scroll labelled GUIQAR PUXUXI.
You see here 19 stones.
The bat closely misses you.
You miss the bat. The bat closely misses you.
The bat hits you but does no damage. x2
You hit the bat.
You kill the bat!
No target in view!
No target in view!
No target in view!
No target in view!
You see here 19 stones.
You now have 49 gold pieces (gained 8).
You see here 19 stones.
You see here a bat corpse.
k - a scroll labelled GUIQAR PUXUXI A goblin comes into view.
A goblin is nearby!
You hit the goblin.
You kill the goblin!
No target in view!
No target in view!
You see here a goblin corpse.
A rat comes into view.
A rat is nearby!
The helpless rat fails to defend itself.
You impale the rat!!
You kill the rat!
No target in view!
No target in view!
A hobgoblin comes into view. It is wielding a +0 club.
The hobgoblin shouts!
The hobgoblin hits you but does no damage.
Are you sure you want to abandon this character and quit the game? (Confirm with "yes".)

###≈≈###≈≈#### #.....#.#...
.#....#.§... #.#.#..[..#.
.≈....≈..... #.....#...#.
.≈..⌠.≈.?..[ ##......###.
.≈....≈..... #.[#.#.....
.#....# . ##......#...
.'#≈≈## ...
######..#......#. ......#
##...###..........#.#...
..#####
#.....g@........#.....#.
###
#.#####.#######÷##......
#.# #.# #.##..#.#. #.# #.#
####.##...... #.# #.#
#.......##.## #.# ###.#
#.##..####.#
#.###.#.####.##..# #.#
###### #.##.#)..........#
#.#
.....#####.....##########.#
#.#


You could see a hobgoblin.

Vanquished Creatures
  An ooze (D:1)
  A dart slug (D:1)
  A ball python (D:1)
  3 goblins (D:1)
  3 hobgoblins (D:1)
  2 bats (D:1)
  3 kobolds (D:1)
  2 rats (D:1)
16 creatures vanquished.

Notes
Turn   | Place    | Note
-------+----------+-------------------------------------------
     0 | D:1      | siradein the Vampire Brigand began the quest for the Orb.
     0 | D:1      | Reached XP level 1. HP: 16/16 MP: 1/1
   204 | D:1      | Reached XP level 2. HP: 20/22 MP: 2/2
   405 | D:1      | Quit the game

Illustrated notes

Levels and vault maps discovered:
D:1:      dpeg_arrival_rooms_with_view, layout_loops_ring,
          hangedman_decor_points

Skill      XL: |  1 |
---------------+----+-----
Short Blades   | 3 |  3.7
Fighting       | |  1.7
Throwing       | |  1.5
Dodging        | |  1.1
Stealth        | |  5.8

Action                   || total
-------------------------++-------
Melee: Dagger            ||    49
       Bite              ||     6
 Stab: Sleeping          ||     2
Armor: Chain mail        ||    22
       Steam dragon scal ||     6
       Robe              ||     1
Dodge: Dodged            ||    26

Table legend: (Time is in decaauts)
 A = Elapsed time spent in this place.
 B = Non-inter-level travel time spent in this place.
 C = Inter-level travel time spent in this place.
 D = Time resting spent in this place.
 E = Time spent auto-exploring this place.
 F = Levels seen in this place.
 G = Mean time per level.
                   A        B        C        D        E       F      G
               +--------+--------+--------+--------+--------+-----+--------+
         Total |    397 |    397 |      0 |      0 |    258 |   1 |  397.0 |
       Dungeon |    397 |    397 |      0 |      0 |    258 |   1 |  397.0 |
               +--------+--------+--------+--------+--------+-----+--------+

Top non-repeatable levels by time:
     D:1: 397 daAuts
